[ AOE2 MATCH · #471978970 ]
UnrankedBerbers vs Huns
[ REPLAY ANALYSIS · EXTRACTED FROM THE RECORDED GAME ]
Feudal
9:20
Castle
—
Imperial
—
| APM avg | 45.8 |
| APM peak | 68 |
| eAPM avg | 18.0 |
| Villagers / military | 41 / 28 |
Focus
⚔️ 45.0% · 🌾 55.0%
Scout Cavalry ×15 · Skirmisher ×11 · Archer ×1 · Spearman ×1
Feudal
9:40
Castle
24:07
Imperial
—
| APM avg | 61.2 |
| APM peak | 159 |
| eAPM avg | 14.2 |
| Villagers / military | 53 / 19 |
Focus
⚔️ 33.3% · 🌾 66.7%
Scout Cavalry ×16 · Knight ×3
Feudal
10:58
Castle
23:24
Imperial
—
| APM avg | 33.7 |
| APM peak | 64 |
| eAPM avg | 14.9 |
| Villagers / military | 53 / 65 |
Focus
⚔️ 38.1% · 🌾 61.9%
Archer ×63 · Spearman ×2
Feudal
9:22
Castle
—
Imperial
—
| APM avg | 39.5 |
| APM peak | 76 |
| eAPM avg | 14.4 |
| Villagers / military | 47 / 43 |
Focus
⚔️ 34.2% · 🌾 65.8%
Archer ×40 · Spearman ×3
Match map
Initial resources + every placement click. Lines = walls · curves = elevation contours. ◆ gold · ⬟ stone · ● berries · ✦ relic · ◌ wall gap
Your base· Open — unwalled flank
hungrybeastanimal's base· Open — unwalled flank
el pepe's base· Open — 2t gap
CAÑI | PelantarU's base· Open — unwalled flank
Smoothed initial terrain · ◌ = detected wall gap · hover for details
Inputs per minute
— CAÑI | Kevincho - - hungrybeastanimal
Build order — CAÑI | Kevincho
138 actions detected in the replay
| 0:01 | Create | Villager (Male) |
| 0:01 | Create | Villager (Male) |
| 0:03 | Build | House |
| 0:04 | Build | House |
| 0:26 | Create | Villager (Male) |
| 0:50 | Create | Villager (Male) |
| 1:16 | Create | Villager (Male) |
| 1:16 | Create | Villager (Male) |
| 1:47 | Build | Lumber Camp |
| 1:56 | Create | Villager (Male) |
| 1:56 | Create | Villager (Male) |
| 2:31 | Create | Villager (Male) |
| 2:57 | Create | Villager (Male) |
| 3:08 | Create | Villager (Male) |
| 3:29 | Build | House |
| 3:30 | Build | House |
| 3:52 | Create | Villager (Male) |
| 4:20 | Create | Villager (Male) |
| 4:20 | Create | Villager (Male) |
| 4:21 | Create | Villager (Male) |
| 4:41 | Build | Mill |
| 4:44 | Create | Villager (Male) |
| 5:13 | Create | Villager (Male) |
| 5:44 | Research | Loom |
| 6:18 | Create | Villager (Male) |
| 7:10 | Research | Feudal Age |
| 7:27 | Build | Farm |
| 7:48 | Build | Barracks |
| 7:57 | Create | Villager (Male) |
| 9:01 | Create | Villager (Male) |
| 9:20 | Age | Feudal Age |
| 9:28 | Build | Stable |
| 9:31 | Create | Spearman |
| 9:46 | Build | Farm |
| 9:49 | Build | Farm |
| 9:50 | Create | Villager (Male) |
| 10:10 | Build | Farm |
| 10:12 | Build | Farm |
| 10:14 | Build | Farm |
| 10:16 | Build | Farm |
| 10:17 | Create | Villager (Male) |
| 10:30 | Create | Scout Cavalry |
| 10:36 | Build | Farm |
| 10:45 | Build | Farm |
| 10:54 | Create | Villager (Male) |
| 10:55 | Create | Scout Cavalry |
| 11:07 | Build | House |
| 11:32 | Create | Scout Cavalry |
| 11:37 | Build | Farm |
| 12:02 | Build | Palisade Wall |
| 12:03 | Build | Palisade Wall |
| 12:07 | Create | Scout Cavalry |
| 12:18 | Build | Farm |
| 12:18 | Create | Villager (Male) |
| 12:40 | Create | Villager (Male) |
| 12:41 | Create | Scout Cavalry |
| 12:50 | Build | Palisade Wall |
| 12:51 | Build | Farm |
| 12:58 | Create | Scout Cavalry |
| 13:07 | Build | Archery Range |
| 13:11 | Build | House |
| 13:24 | Build | House |
| 13:26 | Build | Palisade Wall |
| 13:26 | Build | Palisade Wall |
| 13:30 | Research | Town Watch |
| 13:51 | Create | Scout Cavalry |
| 13:55 | Create | Villager (Male) |
| 14:00 | Create | Villager (Male) |
| 14:10 | Build | Building 796 |
| 14:18 | Build | House |
| 14:28 | Create | Scout Cavalry |
| 14:30 | Build | Farm |
| 14:30 | Create | Villager (Male) |
| 14:57 | Create | Skirmisher |
| 14:57 | Create | Archer |
| 14:57 | Create | Skirmisher |
| 14:57 | Create | Skirmisher |
| 14:58 | Create | Skirmisher |
| 14:58 | Create | Skirmisher |
| 15:02 | Build | House |
| 15:11 | Create | Villager (Male) |
| 15:25 | Create | Scout Cavalry |
| 15:25 | Create | Scout Cavalry |
| 15:36 | Build | Blacksmith |
| 15:40 | Create | Villager (Male) |
| 15:40 | Create | Villager (Male) |
| 15:52 | Create | Villager (Male) |
| 16:02 | Build | Farm |
| 16:03 | Build | Farm |
| 16:05 | Create | Scout Cavalry |
| 16:21 | Build | Farm |
| 17:04 | Build | Farm |
| 17:04 | Create | Villager (Male) |
| 17:17 | Create | Villager (Male) |
| 17:22 | Build | Mining Camp |
| 17:38 | Build | House |
| 17:39 | Build | House |
| 17:41 | Build | Farm |
| 17:42 | Create | Villager (Male) |
| 18:07 | Research | Forging |
| 18:09 | Create | Villager (Male) |
| 18:33 | Create | Scout Cavalry |
| 18:37 | Build | Palisade Wall |
| 18:38 | Create | Villager (Male) |
| 18:45 | Create | Skirmisher |
| 18:45 | Create | Skirmisher |
| 18:47 | Research | Padded Archer Armor |
| 18:52 | Create | Scout Cavalry |
| 19:16 | Build | Farm |
| 19:17 | Build | Farm |
| 19:17 | Build | Farm |
| 19:19 | Build | Farm |
| 19:23 | Create | Scout Cavalry |
| 19:25 | Create | Villager (Male) |
| 19:31 | Research | Horse Collar |
| 19:34 | Research | Double-Bit Axe |
| 19:34 | Research | Horse Collar |
| 19:35 | Research | Horse Collar |
| 20:17 | Create | Skirmisher |
| 20:18 | Create | Villager (Male) |
| 20:19 | Build | Farm |
| 20:20 | Build | Farm |
| 20:41 | Create | Skirmisher |
| 20:43 | Create | Villager (Male) |
| 20:44 | Build | House |
| 20:46 | Build | Farm |
| 20:48 | Create | Scout Cavalry |
| 20:53 | Create | Skirmisher |
| 20:55 | Research | Fletching |
| 20:59 | Create | Villager (Male) |
| 21:03 | Build | House |
| 21:22 | Build | Lumber Camp |
| 21:34 | Create | Skirmisher |
| 22:31 | Build | House |
| 24:05 | Build | Farm |
| 24:07 | Build | Lumber Camp |
| 24:26 | Research | Gold Mining |
| 24:26 | Research | Gold Mining |
Build order — hungrybeastanimal
122 actions detected in the replay
| 0:02 | Create | Villager (Male) |
| 0:02 | Create | Villager (Male) |
| 0:02 | Create | Villager (Male) |
| 0:02 | Create | Villager (Male) |
| 1:18 | Create | Villager (Male) |
| 1:40 | Create | Villager (Male) |
| 1:40 | Create | Villager (Male) |
| 1:46 | Build | Lumber Camp |
| 2:14 | Create | Villager (Male) |
| 2:46 | Create | Villager (Male) |
| 2:47 | Create | Villager (Male) |
| 2:47 | Create | Villager (Male) |
| 3:25 | Create | Villager (Male) |
| 3:26 | Create | Villager (Male) |
| 4:23 | Create | Villager (Male) |
| 4:23 | Create | Villager (Male) |
| 4:29 | Build | Mill |
| 4:43 | Create | Villager (Male) |
| 4:44 | Create | Villager (Male) |
| 5:19 | Create | Villager (Male) |
| 5:20 | Create | Villager (Male) |
| 5:37 | Create | Villager (Male) |
| 5:37 | Create | Villager (Male) |
| 5:37 | Create | Villager (Male) |
| 5:38 | Create | Villager (Male) |
| 5:38 | Create | Villager (Male) |
| 6:10 | Create | Villager (Male) |
| 6:10 | Create | Villager (Male) |
| 6:37 | Research | Loom |
| 7:30 | Research | Feudal Age |
| 7:49 | Build | Lumber Camp |
| 8:36 | Create | Villager (Male) |
| 8:47 | Build | Barracks |
| 9:40 | Age | Feudal Age |
| 9:41 | Build | Stable |
| 9:43 | Research | Double-Bit Axe |
| 9:43 | Create | Villager (Male) |
| 10:26 | Create | Scout Cavalry |
| 10:35 | Create | Villager (Male) |
| 10:39 | Build | Stable |
| 10:42 | Create | Scout Cavalry |
| 10:58 | Research | Horse Collar |
| 11:17 | Create | Scout Cavalry |
| 11:22 | Create | Villager (Male) |
| 11:29 | Create | Scout Cavalry |
| 11:33 | Create | Villager (Male) |
| 11:44 | Build | Mining Camp |
| 11:52 | Create | Scout Cavalry |
| 11:56 | Create | Scout Cavalry |
| 12:14 | Build | Farm |
| 12:17 | Build | Farm |
| 12:17 | Create | Villager (Male) |
| 12:34 | Build | Farm |
| 12:37 | Build | Farm |
| 12:37 | Create | Villager (Male) |
| 12:47 | Build | Farm |
| 13:18 | Research | Bloodlines |
| 13:35 | Build | Blacksmith |
| 14:40 | Research | Scale Barding Armor |
| 14:40 | Research | Scale Barding Armor |
| 14:51 | Research | Forging |
| 15:01 | Research | Scale Barding Armor |
| 15:04 | Create | Villager (Male) |
| 15:07 | Build | Farm |
| 15:08 | Build | Farm |
| 15:09 | Build | Farm |
| 15:11 | Build | Farm |
| 15:26 | Create | Villager (Male) |
| 15:35 | Build | Farm |
| 16:07 | Build | Farm |
| 16:09 | Create | Scout Cavalry |
| 16:09 | Create | Scout Cavalry |
| 16:18 | Build | Farm |
| 16:19 | Build | Farm |
| 16:22 | Build | Farm |
| 16:25 | Build | Farm |
| 16:31 | Create | Scout Cavalry |
| 16:32 | Create | Scout Cavalry |
| 16:58 | Create | Villager (Male) |
| 17:11 | Create | Villager (Male) |
| 17:55 | Research | Wheelbarrow |
| 18:03 | Build | Farm |
| 18:06 | Build | Farm |
| 18:09 | Build | Farm |
| 18:10 | Build | Farm |
| 18:13 | Build | Farm |
| 18:14 | Build | Farm |
| 18:15 | Create | Villager (Male) |
| 18:36 | Create | Villager (Male) |
| 18:37 | Create | Villager (Male) |
| 18:42 | Build | Farm |
| 19:16 | Create | Villager (Male) |
| 19:16 | Create | Villager (Male) |
| 19:48 | Create | Villager (Male) |
| 19:51 | Create | Villager (Male) |
| 20:12 | Create | Villager (Male) |
| 20:14 | Build | Farm |
| 20:19 | Build | Farm |
| 21:25 | Research | Castle Age |
| 23:39 | Build | Archery Range |
| 23:42 | Build | Archery Range |
| 23:46 | Build | Archery Range |
| 23:51 | Research | Fletching |
| 24:04 | Build | Lumber Camp |
| 24:07 | Age | Castle Age |
| 24:12 | Create | Knight |
| 24:12 | Create | Knight |
| 24:27 | Research | Chain Barding Armor |
| 24:30 | Create | Knight |
| 24:32 | Create | Villager (Male) |
| 24:32 | Create | Villager (Male) |
| 24:43 | Build | Lumber Camp |
| 24:56 | Build | Mining Camp |
| 25:12 | Research | Husbandry |
| 25:12 | Create | Scout Cavalry |
| 25:14 | Create | Scout Cavalry |
| 25:14 | Create | Scout Cavalry |
| 25:36 | Research | Light Cavalry (upgrade) |
| 25:40 | Research | Light Cavalry (upgrade) |
| 25:55 | Create | Villager (Male) ×5 |
| 26:00 | Create | Scout Cavalry ×3 |
| 26:21 | Create | Villager (Male) |
Build order — el pepe
First 150 of 179 actions detected
| 0:01 | Create | Villager (Male) |
| 0:01 | Create | Villager (Male) |
| 0:01 | Create | Villager (Male) |
| 0:02 | Build | House |
| 0:04 | Build | House |
| 0:29 | Create | Villager (Male) |
| 0:30 | Create | Villager (Male) |
| 1:34 | Create | Villager (Male) |
| 1:51 | Build | Lumber Camp |
| 2:00 | Create | Villager (Male) |
| 2:00 | Create | Villager (Male) |
| 2:25 | Create | Villager (Male) |
| 2:26 | Create | Villager (Male) |
| 2:53 | Create | Villager (Male) |
| 2:53 | Create | Villager (Male) |
| 3:10 | Create | Villager (Male) |
| 3:10 | Create | Villager (Male) |
| 3:42 | Create | Villager (Male) |
| 3:42 | Create | Villager (Male) |
| 3:50 | Build | House |
| 4:07 | Create | Villager (Male) |
| 4:27 | Create | Villager (Male) |
| 4:27 | Create | Villager (Male) |
| 4:54 | Create | Villager (Male) |
| 4:55 | Create | Villager (Male) |
| 4:55 | Create | Villager (Male) |
| 5:05 | Build | House |
| 5:07 | Build | Mill |
| 5:10 | Create | Villager (Male) |
| 5:10 | Create | Villager (Male) |
| 5:47 | Create | Villager (Male) |
| 6:37 | Create | Villager (Male) |
| 6:37 | Create | Villager (Male) |
| 6:52 | Create | Villager (Male) |
| 7:28 | Create | Villager (Male) |
| 7:35 | Build | House |
| 7:37 | Build | House |
| 7:41 | Create | Villager (Male) |
| 8:19 | Create | Villager (Male) |
| 8:24 | Build | Barracks |
| 8:28 | Build | Mining Camp |
| 8:48 | Research | Feudal Age |
| 10:13 | Create | Villager (Male) |
| 10:58 | Age | Feudal Age |
| 10:59 | Create | Spearman |
| 11:01 | Build | Archery Range |
| 11:06 | Create | Villager (Male) |
| 11:07 | Research | Double-Bit Axe |
| 11:18 | Build | Archery Range |
| 11:30 | Create | Spearman |
| 11:37 | Create | Villager (Male) |
| 11:59 | Create | Archer |
| 12:04 | Create | Archer |
| 12:07 | Build | Blacksmith |
| 12:11 | Create | Villager (Male) |
| 12:12 | Create | Villager (Male) |
| 12:15 | Create | Archer |
| 12:15 | Create | Archer |
| 12:16 | Create | Archer |
| 12:27 | Create | Archer |
| 12:27 | Create | Archer |
| 12:31 | Create | Villager (Male) |
| 12:54 | Build | House |
| 13:01 | Create | Villager (Male) |
| 13:04 | Build | House |
| 13:06 | Build | House |
| 13:12 | Research | Loom |
| 13:24 | Research | Fletching |
| 13:24 | Research | Padded Archer Armor |
| 13:31 | Create | Archer |
| 13:31 | Create | Archer |
| 13:34 | Create | Villager (Male) |
| 13:34 | Create | Villager (Male) |
| 13:39 | Build | Farm |
| 13:47 | Create | Archer |
| 13:48 | Create | Archer |
| 14:04 | Build | House |
| 14:06 | Build | House |
| 14:08 | Create | Villager (Male) |
| 14:18 | Create | Archer |
| 14:18 | Create | Archer |
| 14:44 | Create | Villager (Male) |
| 14:46 | Create | Archer |
| 14:46 | Create | Archer |
| 14:46 | Create | Archer |
| 15:10 | Build | House |
| 15:13 | Build | Farm |
| 15:13 | Build | Farm |
| 15:13 | Build | Farm |
| 15:13 | Build | Farm |
| 15:22 | Create | Villager (Male) |
| 15:22 | Create | Villager (Male) |
| 15:22 | Create | Villager (Male) |
| 15:30 | Create | Archer |
| 15:31 | Create | Archer |
| 15:31 | Create | Archer |
| 15:39 | Build | House |
| 15:40 | Build | House |
| 15:52 | Build | Farm |
| 15:53 | Create | Villager (Male) |
| 16:12 | Create | Archer |
| 16:12 | Create | Archer |
| 17:06 | Build | House |
| 17:09 | Create | Archer |
| 17:10 | Create | Archer |
| 17:10 | Create | Archer |
| 17:10 | Create | Archer |
| 17:11 | Create | Villager (Male) |
| 17:11 | Create | Villager (Male) |
| 17:12 | Create | Villager (Male) |
| 17:17 | Build | Farm |
| 17:17 | Build | Farm |
| 17:17 | Build | Farm |
| 17:18 | Build | Farm |
| 17:18 | Build | Farm |
| 17:18 | Build | Farm |
| 17:18 | Build | Farm |
| 17:19 | Build | Farm |
| 17:35 | Create | Archer |
| 17:36 | Create | Archer |
| 17:36 | Create | Archer |
| 17:42 | Build | Farm |
| 17:44 | Create | Villager (Male) |
| 18:04 | Build | House |
| 18:09 | Create | Archer |
| 18:09 | Create | Archer |
| 18:09 | Create | Archer |
| 18:41 | Build | Farm |
| 18:41 | Build | Farm |
| 18:41 | Build | Farm |
| 18:44 | Create | Villager (Male) |
| 18:58 | Create | Archer |
| 18:58 | Create | Archer |
| 19:29 | Create | Villager (Male) |
| 20:44 | Research | Castle Age |
| 20:47 | Build | Archery Range |
| 20:48 | Create | Archer |
| 20:48 | Create | Archer |
| 20:48 | Create | Archer |
| 20:48 | Create | Archer |
| 20:55 | Create | Archer |
| 20:56 | Create | Archer |
| 20:57 | Create | Archer |
| 20:57 | Create | Archer |
| 21:28 | Create | Archer |
| 21:28 | Create | Archer |
| 21:28 | Create | Archer |
| 21:58 | Build | House |
| 21:59 | Build | House |
| 21:59 | Build | House |
Build order — CAÑI | PelantarU
First 150 of 152 actions detected
| 0:01 | Create | Villager (Male) |
| 0:02 | Create | Villager (Male) |
| 0:03 | Build | House |
| 0:05 | Build | House |
| 0:09 | Create | Villager (Male) |
| 0:09 | Create | Villager (Male) |
| 0:09 | Create | Villager (Male) |
| 1:24 | Create | Villager (Male) |
| 1:24 | Create | Villager (Male) |
| 1:54 | Create | Villager (Male) |
| 1:54 | Create | Villager (Male) |
| 1:57 | Build | Lumber Camp |
| 2:31 | Create | Villager (Male) |
| 2:31 | Create | Villager (Male) |
| 2:56 | Create | Villager (Male) |
| 3:11 | Create | Villager (Male) |
| 3:12 | Create | Villager (Male) |
| 3:41 | Create | Villager (Male) |
| 3:41 | Create | Villager (Male) |
| 3:41 | Create | Villager (Male) |
| 3:46 | Build | House |
| 3:47 | Build | House |
| 4:04 | Create | Villager (Male) |
| 4:05 | Create | Villager (Male) |
| 4:25 | Create | Villager (Male) |
| 4:25 | Create | Villager (Male) |
| 4:43 | Create | Villager (Male) |
| 5:17 | Create | Villager (Male) |
| 5:18 | Create | Villager (Male) |
| 5:18 | Create | Villager (Male) |
| 5:36 | Research | Loom |
| 6:32 | Build | Mining Camp |
| 6:41 | Create | Villager (Male) |
| 7:12 | Research | Feudal Age |
| 8:49 | Build | Barracks |
| 8:52 | Build | House |
| 9:04 | Create | Villager (Male) |
| 9:22 | Age | Feudal Age |
| 9:26 | Research | Town Watch |
| 9:45 | Build | Archery Range |
| 9:48 | Build | Archery Range |
| 9:50 | Create | Villager (Male) |
| 10:02 | Create | Villager (Male) |
| 10:08 | Build | House |
| 10:20 | Build | House |
| 10:28 | Build | Building 796 |
| 10:32 | Create | Villager (Male) |
| 10:43 | Create | Archer |
| 10:45 | Create | Archer |
| 10:47 | Create | Archer |
| 10:48 | Create | Archer |
| 10:50 | Create | Archer |
| 10:50 | Create | Archer |
| 10:59 | Create | Villager (Male) |
| 11:11 | Build | Mill |
| 11:22 | Build | House |
| 11:28 | Build | Palisade Wall |
| 11:32 | Create | Villager (Male) |
| 11:52 | Create | Archer |
| 12:01 | Build | House |
| 12:04 | Build | House |
| 12:05 | Build | House |
| 12:09 | Build | Palisade Wall |
| 12:21 | Create | Archer |
| 12:28 | Build | Farm |
| 12:36 | Create | Villager (Male) |
| 12:36 | Create | Villager (Male) |
| 12:50 | Create | Archer |
| 12:52 | Create | Archer |
| 13:05 | Build | Farm |
| 13:27 | Create | Villager (Male) |
| 13:40 | Build | Palisade Wall |
| 13:41 | Build | Palisade Wall |
| 13:45 | Build | Palisade Wall |
| 13:48 | Build | Palisade Wall |
| 13:50 | Build | Palisade Wall |
| 13:52 | Build | Palisade Wall |
| 14:03 | Create | Spearman |
| 14:05 | Create | Spearman |
| 14:31 | Create | Villager (Male) |
| 14:31 | Create | Villager (Male) |
| 14:36 | Build | Lumber Camp |
| 14:46 | Create | Archer |
| 15:03 | Create | Spearman |
| 15:50 | Create | Villager (Male) |
| 16:02 | Build | House |
| 16:05 | Build | House |
| 16:29 | Build | Blacksmith |
| 16:43 | Create | Archer |
| 16:43 | Create | Archer |
| 17:28 | Create | Archer |
| 17:52 | Create | Archer |
| 17:53 | Create | Archer |
| 17:57 | Create | Villager (Male) |
| 18:02 | Build | Palisade Wall |
| 18:06 | Build | Palisade Wall |
| 18:09 | Build | Palisade Wall |
| 18:10 | Build | Palisade Wall |
| 18:12 | Create | Villager (Male) |
| 18:13 | Create | Archer |
| 18:20 | Create | Archer |
| 18:21 | Create | Archer |
| 18:33 | Create | Villager (Male) |
| 18:38 | Build | House |
| 18:39 | Build | House |
| 18:40 | Build | House |
| 18:42 | Build | House |
| 19:01 | Build | Farm |
| 19:03 | Create | Archer |
| 19:17 | Research | Fletching |
| 19:18 | Create | Archer |
| 19:34 | Create | Archer |
| 19:35 | Create | Archer |
| 19:39 | Build | House |
| 19:56 | Create | Archer |
| 20:08 | Build | Farm |
| 20:09 | Build | Farm |
| 20:13 | Build | House |
| 20:21 | Create | Archer |
| 20:22 | Create | Archer |
| 20:25 | Create | Villager (Male) |
| 20:26 | Create | Villager (Male) |
| 20:49 | Create | Archer |
| 20:50 | Create | Archer |
| 20:57 | Create | Archer |
| 21:24 | Create | Villager (Male) |
| 21:39 | Build | Farm |
| 21:51 | Create | Archer |
| 21:52 | Create | Archer |
| 22:01 | Build | House |
| 22:04 | Build | House |
| 22:08 | Create | Archer |
| 22:09 | Create | Archer |
| 22:15 | Create | Villager (Male) |
| 22:27 | Build | Farm |
| 22:51 | Create | Villager (Male) |
| 22:55 | Build | Farm |
| 22:56 | Build | Farm |
| 23:06 | Create | Archer |
| 23:20 | Create | Archer |
| 23:40 | Research | Padded Archer Armor |
| 23:47 | Create | Archer |
| 24:08 | Create | Archer |
| 24:08 | Create | Archer |
| 24:26 | Build | Farm |
| 24:28 | Build | Farm |
| 24:41 | Create | Villager (Male) |
| 24:43 | Build | Farm |
| 24:47 | Create | Archer |
| 24:51 | Build | House |
Match timeline
| 7:48 | CAÑI | Kevincho · first_building Barracks |
| 8:24 | el pepe · first_building Barracks |
| 8:47 | hungrybeastanimal · first_building Barracks |
| 8:49 | CAÑI | PelantarU · first_building Barracks |
| 9:20 | CAÑI | Kevincho · age_up feudal |
| 9:22 | CAÑI | PelantarU · age_up feudal |
| 9:28 | CAÑI | Kevincho · first_building Stable |
| 9:40 | hungrybeastanimal · age_up feudal |
| 9:41 | hungrybeastanimal · first_building Stable |
| 9:45 | CAÑI | PelantarU · first_building Archery Range |
| 10:58 | el pepe · age_up feudal |
| 11:01 | el pepe · first_building Archery Range |
| 11:28 | CAÑI | PelantarU · wall_segment Palisade Wall x12 |
| 12:02 | CAÑI | Kevincho · wall_segment Palisade Wall x5 |
| 12:03 | CAÑI | Kevincho · wall_segment Palisade Wall x1 |
| 12:09 | CAÑI | PelantarU · wall_segment Palisade Wall x17 |
| 12:50 | CAÑI | Kevincho · wall_segment Palisade Wall x2 |
| 13:07 | CAÑI | Kevincho · first_building Archery Range |
| 13:26 | CAÑI | Kevincho · wall_segment Palisade Wall x1 |
| 13:26 | CAÑI | Kevincho · wall_segment Palisade Wall x1 |
| 13:40 | CAÑI | PelantarU · wall_segment Palisade Wall x1 |
| 13:41 | CAÑI | PelantarU · wall_segment Palisade Wall x1 |
| 13:45 | CAÑI | PelantarU · wall_segment Palisade Wall x1 |
| 13:48 | CAÑI | PelantarU · wall_segment Palisade Wall x1 |
| 13:50 | CAÑI | PelantarU · wall_segment Palisade Wall x1 |
| 13:52 | CAÑI | PelantarU · wall_segment Palisade Wall x1 |
| 18:02 | CAÑI | PelantarU · wall_segment Palisade Wall x1 |
| 18:06 | CAÑI | PelantarU · wall_segment Palisade Wall x1 |
| 18:09 | CAÑI | PelantarU · wall_segment Palisade Wall x1 |
| 18:10 | CAÑI | PelantarU · wall_segment Palisade Wall x1 |
| 18:37 | CAÑI | Kevincho · wall_segment Palisade Wall x17 |
| 23:24 | el pepe · age_up castle |
| 23:39 | hungrybeastanimal · first_building Archery Range |
| 24:07 | hungrybeastanimal · age_up castle |
| 26:21 | CAÑI | PelantarU · resign |
[ AI ANALYSIS · 1 CREDIT ]
What really happened in this match?
Wolo.gg analyzes every decision: build order, eco, micro, common mistakes by bracket. Personalized analysis on WhatsApp or Discord in 30 seconds.
Civ guide
Berbers
Perfil
Jugador #2495988